AoeStats
← Начальник

Hideout

509922603Analyzed
1v1 RM · 5d ago on Sep 28, 2026· 32m 9s· 2 players
Game mode
Random Map
Map size
Tiny (2 player)
Population
200
Speed
Normal
Resources
Standard
Victory
Conquest
Starting age
Dark Age
Ending age
Imperial Age
RankedLock teamsTeams togetherTeam positionsShared explorationLock speedFull tech treeHidden civsTurbo modeCheats
Victory
Defeat
🇳🇱 Portuguese · Netherlands
945
+14
🇷🇺 Persians · Russia
911
-39
Начальник
13:46 Feudal Age
14:15 Horse Collar
14:50 Double-Bit Axe
16:39 Town Watch
16:40 Loom
17:11 Scale Barding Armor
19:59 Bloodlines
20:32 Arson
21:33 Man-at-Arms
23:54 Scale Mail Armor
23:56 Padded Archer Armor
27:34 Castle Age
28:05 Heavy Plow
Eppo
10:23 Loom
12:09 Feudal Age
16:07 Castle Age
14:08 Double-Bit Axe
17:13 Bow Saw
17:18 Fletching
17:28 Padded Archer Armor
17:32 Stone Mining
18:08 Horse Collar
20:16 Gold Mining
23:26 Circumnavigation
28:04 Wheelbarrow
29:28 Hand Cart
33:45 Imperial Age
Connection lost

Rejoining the realm…

Still unreachable

The connection could not be restored.

Session expired

The server has moved on; the page needs a fresh start.